 Dungeon Crawl Stone Soup version 0.29.1-2-gbd0b4ee654 (webtiles) character file.

Game seed: 7792005044877124820

555 zeram the Chopper (level 7, -2/62 HPs)
             Began as a Hill Orc Fighter on Nov 12, 2022.
             Was an Initiate of Gozag.
             Slain by a gnoll sergeant
             ... wielding a +2 vorpal trident
              (6 damage)
             ... on level 5 of the Dungeon.
             The game lasted 00:08:04 (4426 turns).

zeram the Chopper (Hill Orc Fighter)                Turns: 4426, Time: 00:08:05

Health: -2/62      AC: 15    Str: 21    XL:     7   Next: 30%
Magic:  7/7        EV:  6    Int:  8    God:    Gozag
Gold:   136        SH:  4    Dex: 10    Spells: 6/6 levels left

rFire   . . .      SeeInvis .   a - +0 war axe
rCold   . . .      Faith    .   c - +0 buckler
rNeg    . . .      Spirit   .   m - +0 plate armour
rPois   .          Reflect  .   q - +0 helmet
rElec   .          Harm     .   s - +0 cloak
rCorr   .          Rampage  .   r - +0 pair of gloves
Will    .....                   (no boots)
Stlth   ..........              (no amulet)
HPRegen 0.20/turn               (no ring)
MPRegen 0.10/turn               (no ring)

@: no status effects
A: no striking features
a: Renounce Religion, Potion Petition, Call Merchant, Bribe Branch


You were on level 5 of the Dungeon.
You worshipped Gozag.
Gozag was aware of your devotion.
You visited 2 branches of the dungeon, and saw 6 of its levels.

You collected 173 gold pieces.
You paid 37 gold pieces to Gozag.

Inventory:

Hand Weapons
 a - a +0 war axe (weapon)
Armour
 b - a +0 scale mail
 c - a +0 buckler (worn)
 m - a +0 plate armour (worn)
 q - a +0 helmet (worn)
 r - a +0 pair of gloves (worn)
 s - a +0 cloak (worn)
Jewellery
 i - a +4 ring of slaying
Scrolls
 f - 3 scrolls of poison
 g - a scroll of fog {unknown}
 n - 3 scrolls of teleportation
 p - 2 scrolls of vulnerability
 v - a scroll of identify
 w - a scroll of amnesia {unknown}
Potions
 d - a potion of might
 e - 2 potions of brilliance
 h - 2 potions of curing {unknown}
 j - 3 potions of cancellation
 k - a potion of ambrosia {unknown}
 l - 3 potions of resistance
 o - 2 potions of haste
 t - a potion of invisibility {unknown}
 u - a potion of degeneration {unknown}


   Skills:
 + Level 5.7 Fighting
 + Level 7.2 Axes
 + Level 5.0 Armour
 + Level 0.4 Dodging
 + Level 3.8 Shields


You had 6 spell levels left.
You didn't know any spells.
Your spell library contained the following spells:

 Spells                   Type           Power      Damage    Failure   Level
 Sublimation of Blood     Necr           0%         N/A       100%        2
 Frozen Ramparts          Ice            0%         1d1       100%        3
 Ice Form                 Ice/Tmut       0%         N/A       100%        4
 Petrify                  Tmut/Erth      0%         N/A       100%        4
 Summon Ice Beast         Ice/Summ       0%         N/A       100%        4
 Irradiate                Conj/Tmut      0%         3d11      100%        5


Dungeon Overview and Level Annotations

Branches:
Dungeon (5/15)             Temple (1/1) D:4

Altars:
Ashenzari
Cheibriados
Dithmenos
Elyvilon
Fedhas
Gozag
Hepliaklqana
Kikubaaqudgha
Makhleb
Nemelex Xobeh
Okawaru
Qazlal
Ru
Sif Muna
Uskayaw
Vehumet
Wu Jian
Zin
The Shining One

Shops:
D:5 !


Message History

You hit the gnoll.
The gnoll is almost dead.
The gnoll hits you but does no damage.
You hit the gnoll but do no damage.
The gnoll is almost dead.
The gnoll sergeant hits you from afar with a +2 vorpal trident.
The gnoll hits you but does no damage.
You slash the gnoll!
You kill the gnoll!
The gnoll sergeant barely misses you.
The gnoll sergeant hits you with a +2 vorpal trident!
You barely miss the gnoll sergeant. You block the gnoll sergeant's attack.
You closely miss the gnoll sergeant.
The gnoll sergeant hits you with a +2 vorpal trident.
The gnoll sergeant barely misses you.
You are too injured to fight recklessly!
You are too injured to fight recklessly!
You are too injured to fight recklessly!
You are too injured to fight recklessly!
You are too injured to fight recklessly!
You are too injured to fight recklessly!
You slash the gnoll sergeant!
The gnoll sergeant is moderately wounded.
The gnoll sergeant hits you with a +2 vorpal trident.
You barely miss the gnoll sergeant.
The gnoll sergeant is moderately wounded.
The gnoll sergeant barely misses you.
You barely miss the gnoll sergeant.
The gnoll sergeant is moderately wounded.
The gnoll sergeant hits you with a +2 vorpal trident!
* * * LOW HITPOINT WARNING * * *
x2 You completely miss the gnoll sergeant.
The gnoll sergeant is moderately wounded.
The gnoll sergeant hits you with a +2 vorpal trident!
* * * LOW HITPOINT WARNING * * *
x2 You hit the gnoll sergeant.
The gnoll sergeant is moderately wounded.
The gnoll sergeant hits you with a +2 vorpal trident.
You die...
Your body crumbles into a pile of gold.

######### #
##.<...#....
##..$.........
#.$@..........
#..g..........
#.............
#.............
#.............
#.............
##...........
##.....#..
##.######


You could see a gnoll sergeant.

Vanquished Creatures
  2 ogres (D:5)
  A scorpion (D:4)
  2 hounds
  An iguana (D:4)
  2 orc wizards
  5 gnolls
  2 adders
  An ufetubus (D:5)
  2 dart slugs
  15 orcs
  5 ball pythons
  5 endoplasms
  3 giant cockroaches (D:1)
  7 goblins
  4 hobgoblins
  12 jackals
  8 kobolds
  5 quokkas
  4 bats
  14 frilled lizards
  5 rats
105 creatures vanquished.

Vanquished Creatures (others)
  6 plants (D:4)
  3 withered plants (D:5)
9 creatures vanquished.

Grand Total: 114 creatures vanquished

Notes
Turn   | Place    | Note
-------+----------+-------------------------------------------
     0 | D:1      | zeram the Hill Orc Fighter began the quest for the Orb.
     0 | D:1      | Reached XP level 1. HP: 19/19 MP: 1/1
     0 | D:1      | Noticed a minotaur skeleton
    11 | D:1      | Noticed a minotaur skeleton
    15 | D:1      | Noticed a minotaur skeleton
   244 | D:1      | Found a faded altar of an unknown god.
   256 | D:1      | Reached XP level 2. HP: 27/27 MP: 2/2
   330 | D:1      | Reached skill level 3 in Axes
   539 | D:1      | Reached XP level 3. HP: 33/33 MP: 3/3
  1746 | D:3      | Reached XP level 4. HP: 35/40 MP: 4/4
  1817 | D:3      | Reached skill level 4 in Axes
  2369 | D:4      | Found a hazy altar of Hepliaklqana.
  2387 | D:4      | Found a staircase to the Ecumenical Temple.
  2472 | D:4      | Noticed a scorpion
  2488 | D:4      | Killed a scorpion
  2489 | D:4      | Reached XP level 5. HP: 3/47 MP: 5/5
  2816 | D:4      | Reached skill level 5 in Axes
  2948 | D:4      | Reached XP level 6. HP: 52/55 MP: 6/6
  3229 | D:5      | Entered Level 5 of the Dungeon
  3309 | D:5      | Reached skill level 5 in Fighting
  3316 | D:5      | Reached skill level 6 in Axes
  3409 | D:5      | Found Zaudois's Distillery.
  3447 | D:5      | Found an ancient bone altar of Kikubaaqudgha.
  3463 | D:5      | Reached skill level 7 in Axes
  3463 | D:5      | Reached XP level 7. HP: 24/61 MP: 7/7
  3804 | Temple   | Entered the Ecumenical Temple
  3966 | Temple   | Became a worshipper of Gozag Ym Sagoz the Greedy
  4245 | D:4      | Reached skill level 5 in Armour
  4426 | D:5      | Slain by a gnoll sergeant

Illustrated notes

Levels and vault maps discovered:
D:1:      shiori_arrival_whats_in_store_for_you, layout_loops_ring,
          shapermc_ecumenical_altar_mp_highgroup
D:2:      layout_rooms
D:3:      layout_rooms, nrook_loot_triangle, kennysheep_boxes
D:4:      layout_gridville, mainiacjoe_overflow_paths,
          minmay_temple_entry_purple_smoke, hangedman_decor_riveting,
          minmay_lizard_king
D:5:      layout_rooms, kiku_gazebo_garden_becter, serial_shops, shop
Temple:   minmay_crystal_spiral_temple

Skill      XL: |  1  2  3  4  5  6  7 |
---------------+----------------------+-----
Axes           | 3 4 5 7 |  7.2
Fighting       | 4 5 |  5.7
Armour         | 4 5 |  5.0
Dodging        | |  0.4
Shields        | |  3.8

Action                   |  1- 3 |  4- 6 |  7- 9 || total
-------------------------+-------+-------+-------++-------
Melee: War axe           |   131 |   111 |    56 ||   298
  Use: Scroll            |     1 |     9 |       ||    10
Armor: Scale mail        |    33 |       |       ||    33
       Plate armour      |    49 |   102 |    50 ||   201
Dodge: Dodged            |    48 |    30 |    26 ||   104
Block: Buckler           |    27 |    21 |    14 ||    62
